 Dungeon Crawl Stone Soup version bcrawl-1.21.2-1-g32d02e0829 (webtiles) character file.

Game seed: 5136780054283853704

982 Mrkan the Cudgeler (level 7, 0/62 HPs)
             Began as a Minotaur Fighter on Feb 19, 2020.
             Was a Follower of Dithmenos.
             Slain by an orc warrior
             ... wielding a +0 scimitar
              (3 damage)
             ... on level 5 of the Dungeon.
             The game lasted 00:04:48 (3827 turns).

Mrkan the Cudgeler (Minotaur Fighter)               Turns: 3827, Time: 00:04:49

Health: 0/62       AC: 11    Str: 27    XL:     7   Next: 96%
Magic:  8/8        EV:  6    Int:  5    God:    Dithmenos [*.....]
Gold:   274        SH: 10    Dex: 10    Spells: 6/6 levels left

rFire    . . .     SeeInvis .   a - +0 flail
rCold    . . .     Gourm    .   c - +0 shield
rNeg     . . .     Faith    .   y - +0 chain mail
rPois    .         Spirit   .   (helmet restricted)
rElec    .         Reflect  .   (no cloak)
rCorr    .         Harm     .   t - +0 pair of gloves
MR       .....                  (no boots)
Stlth    ..........             (no amulet)
HPRegen  0.20/turn              (no ring)
MPRegen  0.11/turn              (no ring)

@: mighty, wreathed by umbra
A: retaliatory headbutt, horns 2
a: Renounce Religion


You were on level 5 of the Dungeon.
You worshipped Dithmenos.
Dithmenos was aware of your devotion.
You were not hungry.

You visited 1 branch of the dungeon, and saw 5 of its levels.

You collected 274 gold pieces.

Inventory:

Hand Weapons
 a - a +0 flail (weapon)
 b - the +8 hunting sling of Jojih Addu {freeze, Str+5, unknown}
   (You found it on level 5 of the Dungeon)

   It causes projectiles fired from it to freeze those they strike, causing
   extra injury to most foes and up to half again as much damage against
   particularly susceptible opponents.
   They can also slow down cold-blooded creatures.
   It affects your strength (+5).
Armour
 c - a +0 shield (worn)
 t - a +0 pair of gloves (worn)
 v - the +1 ring mail of Sorcery {rN++ MR-}
   (You found it on level 4 of the Dungeon)

   It greatly protects you from negative energy.
   It affects your resistance to hostile enchantments.
 y - a +0 chain mail (worn)
Jewellery
 w - an uncursed ring of positive energy {unknown}
Scrolls
 f - a scroll of amnesia {unknown}
 h - 5 scrolls of identify
 l - a scroll of blinking {unknown}
 n - 4 scrolls of remove curse {unknown}
 r - 4 scrolls of teleportation {unknown}
 s - 2 scrolls of magic mapping {unknown}
Potions
 d - a potion of might
 g - a potion of heal wounds {unknown}
 i - a potion of berserk rage {unknown}
 j - 3 potions of curing {unknown}
 k - 2 potions of magic {unknown}
 m - 2 potions of invisibility {unknown}
 o - a potion of haste {unknown}
 p - a potion of mutation {unknown}
 q - a potion of flight {unknown}
 x - a potion of cancellation {unknown}
Comestibles
 e - 8 rations {!d}
 u - 3 chunks of flesh


   Skills:
 + Level 5.7 Fighting
 * Level 6.9 Maces & Flails
 + Level 5.7 Armour
 + Level 5.7 Shields
 + Level 3.2 Invocations


You had 6 spell levels left.
You didn't know any spells.
Your spell library was empty.

Dungeon Overview and Level Annotations

Branches:
Dungeon (5/12)
 Temple: D:4-7

Altars:
Cheibriados
Dithmenos


Innate Abilities, Weirdness & Mutations

You reflexively headbutt those who attack you in melee.
You have a pair of horns on your head.


Message History

The orc warrior hits you with a +0 scimitar!
* * * LOW HITPOINT WARNING * * *
The orc wizard gestures wildly while chanting.
The orc wizard flickers and vanishes!
Deactivating autopickup; reactivate with Ctrl-A.
You hit the orc warrior.
The orc warrior is severely wounded.
You block the orc warrior's attack.
You closely miss the orc warrior.
The orc warrior is severely wounded.
The orc warrior hits you with a +0 scimitar!
* * * LOW HITPOINT WARNING * * *
You hit the orc warrior.
The orc warrior is severely wounded.
You block the orc warrior's attack.
Wield which item (- for none, * to show all)? (? for menu, Esc to quit)
Okay, then.
You feel very mighty all of a sudden.
The orc warrior hits you with a +0 scimitar.
You die...

#...#...#..
########..##. #####
##.######..##. #....
#............. #....
#............. #....
#..........##. #....
#######.########.
#....##..####.###...##.
#.:.{o@....'....^....'.
#...o##....#...<.....#.
##+## #....#.........#.
+.....#.........#.
##..#(.....#...##.
#################


You could see an orc warrior and an orc.

Vanquished Creatures
  A sky beast (D:5)
  A black bear (D:5)
  3 ogres
  A crimson imp (D:4)
  5 hounds
  A bullfrog skeleton (D:4)
  A centaur skeleton (D:5)
  2 orc wizards (D:4)
  4 worker ants
  4 gnolls (D:5)
  3 adders
  An ooze (D:3)
  An adder skeleton (D:5)
  4 worms
  A leopard gecko (D:2)
  9 orcs
  7 bats
  A giant cockroach (D:1)
  6 goblins (D:1)
  6 hobgoblins
  5 jackals
  2 quokkas
  2 ball pythons (D:2)
  5 frilled lizards
  A jackal skeleton (D:4)
  5 kobolds
  7 rats
89 creatures vanquished.

Notes
Turn   | Place    | Note
-------+----------+-------------------------------------------
     0 | D:1      | Mrkan the Minotaur Fighter began the quest for the Orb.
     0 | D:1      | Reached XP level 1. HP: 19/19 MP: 0/0
   240 | D:1      | Reached XP level 2. HP: 27/27 MP: 1/1
   322 | D:1      | Reached skill level 3 in Maces & Flails
   824 | D:2      | Found a shadowy altar of Dithmenos.
   912 | D:2      | Became a worshipper of Dithmenos the Shadowed
   950 | D:2      | Reached XP level 3. HP: 33/33 MP: 2/2
  1643 | D:3      | Reached XP level 4. HP: 40/40 MP: 3/3
  2137 | D:4      | Reached skill level 4 in Maces & Flails
  2137 | D:4      | Reached skill level 1 in Invocations
  2145 | D:4      | Reached XP level 5. HP: 28/47 MP: 4/4
  2148 | D:4      | Reached * piety under Dithmenos
  2296 | D:4      | Noticed an ogre
  2299 | D:4      | Killed an ogre
  2401 | D:4      | Reached skill level 5 in Maces & Flails
  2401 | D:4      | Reached XP level 6. HP: 52/53 MP: 6/6
  2488 | D:4      | Got a faintly glowing ring mail
  2650 | D:4      | Reached skill level 5 in Armour
  2685 | D:4      | Identified the +1 ring mail of Sorcery {rN++ MR-} (You
                  | found it on level 4 of the Dungeon)
  2977 | D:5      | Entered Level 5 of the Dungeon
  2987 | D:5      | Reached skill level 5 in Fighting
  2987 | D:5      | Reached skill level 5 in Shields
  3074 | D:5      | Reached XP level 7. HP: 59/61 MP: 7/7
  3158 | D:5      | Got a fine hunting sling
  3190 | D:5      | Reached skill level 6 in Maces & Flails
  3480 | D:5      | Found a snail-covered altar of Cheibriados.
  3825 | D:5      | HP: 2/62 [orc warrior/+0 scimitar (12)]
  3827 | D:5      | Slain by an orc warrior

Skill      XL: |  1  2  3  4  5  6  7 |
---------------+----------------------+-----
Maces & Flails | 3 4 5 6 |  6.9
Fighting       | 4 5 |  5.7
Armour         | 4 5 |  5.7
Shields        | 4 5 |  5.7
Invocations    | 1 2 3 |  3.2

Action                   |  1- 3 |  4- 6 |  7- 9 || total
-------------------------+-------+-------+-------++-------
Melee: Flail             |   105 |    88 |    88 ||   281
       Headbutt          |    14 |    18 |    15 ||    47
  Use: Scroll            |       |     1 |       ||     1
       Potion            |       |       |     1 ||     1
  Eat: Chunk             |     2 |     5 |     3 ||    10
Armor: Scale mail        |    56 |    33 |       ||    89
       Chain mail        |       |    11 |    33 ||    44
Dodge: Dodged            |    43 |    22 |    21 ||    86
Block: Shield            |    50 |    44 |    38 ||   132
